 Dungeon Crawl Stone Soup version 0.26-a0-639-g72c4674329 (webtiles) character file.

Game seed: 1888543700919852551

17 Lanoc the Skirmisher (level 2, 0/28 HPs)
             Began as a Naga Abyssal Knight on Sept 26, 2020.
             Was a Follower of Lugonu.
             Slain by an orc
             ... wielding a +2 vampiric hand axe
              (4 damage)
             ... on level 3 of the Dungeon.
             The game lasted 00:01:45 (774 turns).

Lanoc the Skirmisher (Naga Abyssal Knight)           Turns: 774, Time: 00:01:45

Health: 0/28       AC:  2    Str: 14    XL:     2   Next: 62%
Magic:  3/3        EV:  9    Int: 12    God:    Lugonu [*.....]
Gold:   43         SH:  0    Dex: 10    Spells: 1/1 levels left

rFire    . . .     SeeInvis +   a - +1 spear
rCold    . . .     Faith    .   (no shield)
rNeg     . . .     Spirit   .   b - +0 leather armour
rPois    +         Reflect  .   (no helmet)
rElec    .         Harm     .   (no cloak)
rCorr    .         Rampage  .   (no gloves)
MR       .....                  (no barding)
Stlth    +.........             (no amulet)
HPRegen  0.09/turn              (no ring)
MPRegen  0.08/turn              (no ring)

@: mighty, very slow
A: large, see invisible, deformed body, poison resistance, slowness 2, spit
poison 1, AC +0
a: Spit Poison, Depart the Abyss, Renounce Religion


You were on level 3 of the Dungeon.
You worshipped Lugonu.
Lugonu was aware of your devotion.
You visited 1 branch of the dungeon, and saw 3 of its levels.
You visited the Abyss 1 time.

You collected 43 gold pieces.

Inventory:

Hand Weapons
 a - a +1 spear (weapon)
Armour
 b - a +0 leather armour (worn)
Wands
 h - a wand of polymorph (11)
Scrolls
 c - a scroll of enchant weapon {unknown}
 d - a scroll of remove curse {unknown}
 e - 2 scrolls of teleportation {unknown}
 g - 3 scrolls of identify {unknown}


   Skills:
 + Level 3.1 Fighting
 * Level 2.3 Polearms
 + Level 1.8 Armour
 + Level 1.1 Dodging
 + Level 2.2 Invocations


You had one spell level left.
You didn't know any spells.
Your spell library was empty.

Dungeon Overview and Level Annotations

Branches:
Dungeon (3/15)

Altars:


Innate Abilities, Weirdness & Mutations

You cannot wear boots.
Your serpentine skin is tough. (AC +0)
You have supernaturally acute eyesight. (SInv)
Armour fits poorly on your strangely shaped body.
Your system is resistant to poisons. (rPois)
You cover ground very slowly.
You can spit poison.


Message History

You hit the orc but do no damage.
The orc is almost dead.
You have got your breath back.
The orc hits you with a +2 vampiric hand axe.
The orc completely misses you.
You hit the orc but do no damage.
The orc is almost dead.
The orc hits you with a +2 vampiric hand axe.
The orc barely misses you.
You closely miss the orc.
The orc is almost dead.
The orc hits you with a +2 vampiric hand axe.
* * * LOW HITPOINT WARNING * * *
The orc hits you.
* * * LOW HITPOINT WARNING * * *
It was a potion of might.
You feel very mighty all of a sudden. The orc closely misses you.
The orc hits you with a +2 vampiric hand axe.
You die...

#. ### #. #<# #.
#.# .######
######'###......
#.........#...#####
#.........'........
#..)..####'o####
#....)#....o@..#
#.....#........#
##.....#..##.#..#
#......#..#.#...#
#.....##...#.#..#
#.....##..#.##..#
#####..#........#
#.##........#
#.#####''####


You could see 2 orcs.

Vanquished Creatures
  2 ball pythons
  2 bats (D:1)
  5 goblins
  A hobgoblin (D:3)
  A frilled lizard (D:1)
  3 kobolds
  2 rats (D:3)
16 creatures vanquished.

Vanquished Creatures (others)
  2 fungi (D:3)
2 creatures vanquished.

Grand Total: 18 creatures vanquished

Notes
Turn   | Place    | Note
-------+----------+-------------------------------------------
     0 | Abyss:1  | Lanoc the Naga Abyssal Knight began the quest for the Orb.
     0 | Abyss:1  | Reached XP level 1. HP: 21/21 MP: 2/2
    42 | Abyss:1  | Noticed an eight-headed hydra zombie
    47 | Abyss:1  | Found a corrupted altar of Lugonu.
    59 | Abyss:1  | Noticed a large abomination
    91 | Abyss:1  | Noticed a large abomination
    92 | Abyss:1  | Noticed a ynoxinul
    95 | D:1      | Escaped the Abyss
   356 | D:1      | Reached skill level 1 in Dodging
   370 | D:1      | Reached * piety under Lugonu
   370 | D:1      | Reached XP level 2. HP: 28/28 MP: 3/3
   774 | D:3      | Slain by an orc

Illustrated notes

Levels and vault maps discovered:
D:1:      lemuel_arrival_rhombus, layout_loops_ring
D:2:      minmay_kobold_bridge, layout_basic, minitemple
D:3:      layout_basic, kennysheep_generic_room_4, uniq_crazy_yiuf_cottage

Skill      XL: |  1 |
---------------+----+-----
Dodging        | 1 |  1.1
Fighting       | |  3.1
Polearms       | |  2.3
Armour         | |  1.8
Invocations    | |  2.2

Action                   || total
-------------------------++-------
Melee: Spear             ||    58
Invok: Depart the Abyss  ||     1
 Abil: Spit Poison       ||     8
  Use: Potion            ||     1
Armor: Leather armour    ||    17
Dodge: Dodged            ||    25

Table legend: (Time is in decaauts)
 A = Elapsed time spent in this place.
 B = Non-inter-level travel time spent in this place.
 C = Inter-level travel time spent in this place.
 D = Time resting spent in this place.
 E = Time spent auto-exploring this place.
 F = Levels seen in this place.
 G = Mean time per level.
                   A        B        C        D        E       F      G
               +--------+--------+--------+--------+--------+-----+--------+
         Total |    913 |    899 |     14 |      0 |    706 |   4 |  228.2 |
       Dungeon |    781 |    767 |     14 |      0 |    648 |   3 |  260.3 |
         Abyss |    132 |    132 |      0 |      0 |     57 |   1 |  132.0 |
               +--------+--------+--------+--------+--------+-----+--------+

Top non-repeatable levels by time:
     D:1: 356 daAuts
     D:3: 214 daAuts
     D:2: 210 daAuts
 Abyss:1: 132 daAuts
